 Dungeon Sprint DCSS version 0.30-a0-1155-gf8af5b4991 (webtiles) character file.

Game seed: 8821891666730914744

78 Jewman the Trooper (level 4, -7/57 HPs)
             Began as a Demonspawn Fighter on Apr 24, 2023.
             Was an Initiate of Cheibriados.
             Mangled by a troll (9 damage)
             ... in the Dungeon (Sprint IX: "|||||||||||||||||||||||||||||").
             The game lasted 00:02:47 (131 turns).

Jewman the Trooper (Demonspawn Fighter)              Turns: 131, Time: 00:02:50

Health: -7/57      AC: 12    Str: 19    XL:     4   Next: 15%
Magic:  4/4        EV: 12    Int: 11    God:    Cheibriados [......]
Gold:   0          SH:  5    Dex: 13    Spells: 3/3 levels left

rFire   . . .        a - +0 flail
rCold   . . .        c - +0 buckler
rNeg    . . .        p - +1 scale mail
rPois   .            o - +0 helmet
rElec   .            n - +0 cloak
rCorr   .            (no gloves)
SInv    .            (no boots)
Will    .....        (no amulet) Stlth
                     q - +2 ring of protection
HPRegen 0.29/turn    r - +2 ring of evasion
MPRegen 0.09/turn

%: no teleportation
@: mighty, berserking (expiring), very slow
A: powered by death 1, powered by pain 1, sturdy frame 1
a: Renounce Religion


You were in the Dungeon.
You worshipped Cheibriados.
Cheibriados was noncommittal.
You visited 1 branch

Inventory:

Hand Weapons
 a - a +0 flail (weapon)
Armour
 c - a +0 buckler (worn)
 n - a +0 cloak (worn)
 o - a +0 helmet (worn)
 p - a +1 scale mail (worn)
Jewellery
 q - a +2 ring of protection (left hand)
 r - a +2 ring of evasion (right hand)
Wands
 l - a wand of roots (10)
Scrolls
 j - 2 scrolls of blinking
 k - 2 scrolls of amnesia
Potions
 d - a potion of invisibility
 e - 4 potions of curing
 f - 3 potions of heal wounds
 g - a potion of haste
 h - 4 potions of magic


   Skills:
 + Level 4.9 Fighting
 + Level 4.1 Maces & Flails
 + Level 4.6 Armour
 + Level 0.5 Dodging
 + Level 4.4 Shields


You had 3 spell levels left.
You didn't know any spells.
Your spell library was empty.

Dungeon Overview and Level Annotations

Branches:
Dungeon (1/1)

Altars:
Cheibriados
Dithmenos
Fedhas
Gozag
Hepliaklqana
Kikubaaqudgha
Makhleb
Nemelex Xobeh
Okawaru
Qazlal
Ru
Sif Muna
Trog
Uskayaw
Vehumet
Wu Jian
Xom
Yredelemnul
Jiyva
Lugonu


Innate Abilities, Weirdness & Mutations

You regenerate a little health from kills.
You sometimes gain a little power by taking damage.
Your movements are slightly less encumbered by armour. (ER -2)


Message History

Okay, then.
Unknown command.
Things that are here:
a +2 heavy dire flail; a +0 scale mail You open the door.
A troll, 2 orcs, a shadow, a wyvern and a yak come into view.
The troll shouts!
The orc wizard shouts!
The orc warrior shouts!
The wyvern hisses angrily.
The yak bellows!
A red film seems to cover your vision as you go berserk!
Cheibriados forces you to slow down.
You feel mighty! The troll bites you! The troll barely misses you.
You block the troll's attack.
The orc wizard casts a spell.
The orc wizard flickers and vanishes!
Deactivating autopickup; reactivate with Ctrl-A.
You thump the troll!
The troll is moderately wounded.
The troll misses you. The troll closely misses you. The troll misses you.
You closely miss the troll.
The troll is moderately wounded.
The troll bites you! The troll closely misses you. The troll claws you!
You barely miss the troll.
The troll is lightly wounded.
The troll closely misses you. The troll barely misses you.
The troll misses you.
You closely miss the troll.
The troll is lightly wounded.
The troll bites you but does no damage. The troll claws you. x2
The troll bites you!
* * * LOW HITPOINT WARNING * * *
The troll claws you but does no damage. The troll claws you.
* * * LOW HITPOINT WARNING * * *
You sock the troll!
The troll is heavily wounded.
The troll bites you!
* * * LOW HITPOINT WARNING * * *
You focus on the pain.
You feel very mighty all of a sudden. The troll claws you but does no damage.
The troll claws you!
You die... ▓▓▓▓▓▓▓▓▓▓▓▓▓▓▓▓▓▓▓▓▓▓▓▓ _______'..).....@T{WolY. ▓▓▓▓▓▓▓▓▓▓▓▓▓▓▓▓▓▓▓▓▓▓▓▓

You could see a yak, a troll, an orc warrior, a wyvern and a shadow.

Vanquished Creatures
  2 iguanas (D)
  2 adders (D)
  A ball python (D)
  A bat (D)
  A hobgoblin (D)
  A jackal (D)
  A frilled lizard (D)
  A rat (D)
10 creatures vanquished.

Notes
Turn   | Place    | Note
-------+----------+-------------------------------------------
     0 | D        | Jewman the Demonspawn Fighter began the quest for the Orb.
     0 | D        | Reached XP level 1. HP: 18/18 MP: 1/1
    17 | D        | Noticed an iguana
    17 | D        | Noticed an iguana
    26 | D        | Gained mutation: You regenerate a little health from kills.
                  | [demonic ancestry]
    26 | D        | Reached XP level 2. HP: 14/25 MP: 2/2
    34 | D        | Gained mutation: Your movements are slightly less
                  | encumbered by armour. (ER -2) [demonic ancestry]
    34 | D        | Reached XP level 3. HP: 23/31 MP: 3/3
    36 | D        | Gained mutation: You sometimes gain a little power by
                  | taking damage. [demonic ancestry]
    36 | D        | Reached XP level 4. HP: 32/38 MP: 4/4
    42 | D        | Found a snail-covered altar of Cheibriados.
    42 | D        | Found a shadowy altar of Dithmenos.
    42 | D        | Found a blossoming altar of Fedhas.
    42 | D        | Found an opulent altar of Gozag.
    43 | D        | Found a hazy altar of Hepliaklqana.
    44 | D        | Found a viscous altar of Jiyva.
    45 | D        | Found an ancient bone altar of Kikubaaqudgha.
    46 | D        | Became a worshipper of Cheibriados the Contemplative
    47 | D        | Found a corrupted altar of Lugonu.
    48 | D        | Found a burning altar of Makhleb.
    49 | D        | Found a sparkling altar of Nemelex Xobeh.
    50 | D        | Found an iron altar of Okawaru.
    51 | D        | Found a stormy altar of Qazlal.
    52 | D        | Found a sacrificial altar of Ru.
    53 | D        | Found a shimmering blue altar of Sif Muna.
    54 | D        | Found a bloodstained altar of Trog.
    55 | D        | Found a hide-covered altar of Uskayaw.
    56 | D        | Found a radiant altar of Vehumet.
    57 | D        | Found an ornate altar of the Wu Jian Council.
    58 | D        | Found a shimmering altar of Xom.
    59 | D        | Found a basalt altar of Yredelemnul.
   125 | D        | Noticed a troll
   125 | D        | Noticed a shadow
   125 | D        | Noticed an orc warrior
   125 | D        | Noticed a wyvern
   125 | D        | Noticed a yak
   131 | D        | HP: 2/57 [troll (8)]
   131 | D        | Mangled by a troll

Illustrated notes

Levels and vault maps discovered:
D:        linesprint [early_d, line_temple, items_1, d_10, items_2, lair_1,
          lair_end, items_3, orc_1, orc_end, items_4, d_15, swamp_1, shoals_1,
          snake_1, spider_1, d_20, vaults_1, items_5, swamp_end, shoals_end,
          snake_end, spider_end, vaults_end, d_27, items_6, zot_1, zot_end,
          crypt_end, forest_end, elf_end, slime_end, tomb_end, abyss_end,
          pan_hell_end]

Skill      XL: |  1  2  3 |
---------------+----------+-----
Armour         | 3 4 |  4.6
Shields        | 3 4 |  4.4
Maces & Flails | 2 3 4 |  4.1
Fighting       | 4 |  4.9
Dodging        | |  0.5

Action                     |  1- 3 |  4- 6 || total
---------------------------+-------+-------++-------
  Melee: Flail             |    23 |     5 ||    28
    Use: Potion            |     2 |     1 ||     3
 Armour: Scale mail        |    10 |     3 ||    13
  Dodge: Dodged            |     6 |     8 ||    14
  Block: Buckler           |    10 |     1 ||    11

Table legend: (Time is in decaauts)
 A = Elapsed time spent in this place.
 B = Non-inter-level travel time spent in this place.
 C = Inter-level travel time spent in this place.
 D = Time resting spent in this place.
 E = Time spent auto-exploring this place.
 F = Levels seen in this place.
 G = Mean time per level.
                   A        B        C        D        E       F      G
               +--------+--------+--------+--------+--------+-----+--------+
         Total |    150 |    148 |      2 |      0 |      0 |   1 |  150.0 |
       Dungeon |    150 |    148 |      2 |      0 |      0 |   1 |  150.0 |
               +--------+--------+--------+--------+--------+-----+--------+

Top non-repeatable levels by time:
       D: 150 daAuts
